 Dungeon Crawl Stone Soup version 0.28-a0-1412-gf95308ed99 (webtiles) character file.

Game seed: 5352457251980436423

37 innerfire433 the Vexing (level 3, -4/26 HPs)
             Began as a Demonspawn Arcane Marksman on Jan 6, 2022.
             Was a Follower of Jiyva.
             Slain by Sigmund (10 damage)
             ... on level 2 of the Dungeon.
             The game lasted 00:06:03 (1745 turns).

innerfire433 the Vexing (DsAM)                      Turns: 1745, Time: 00:06:04

Health: -4/26      AC:  5    Str: 12    XL:     3   Next: 23%
Magic:  5/5        EV: 11    Int: 14    God:    Jiyva [*.....]
Gold:   112        SH:  0    Dex: 13    Spells: 3/4 levels left

rFire   . . .      SeeInvis .   f - +0 long sword
rCold   . . .      Faith    .   (no shield)
rNeg    . . .      Spirit   .   h - +0 leather armour
rPois   .          Reflect  .   (no helmet)
rElec   .          Harm     .   (no cloak)
rCorr   .          Rampage  .   (no gloves)
Will    .....                   (no boots)
Stlth   +.........              (no amulet)
HPRegen 0.88/turn               (no ring)
MPRegen 0.34/turn               (no ring)

@: no status effects
A: slimy green scales 1
a: Renounce Religion


You were on level 2 of the Dungeon.
You worshipped Jiyva.
Jiyva was aware of your devotion.
You visited 1 branch of the dungeon, and saw 2 of its levels.

You collected 112 gold pieces.

Inventory:

Hand Weapons
 f - a +0 long sword (weapon)
Missiles
 c - 2 throwing nets
 d - 17 stones
 k - 12 poisoned darts (quivered)
 l - 5 javelins
Armour
 a - a +0 robe
 h - a +0 leather armour (worn)
Scrolls
 e - a scroll of fog {unknown}
 g - a scroll of torment {unknown}
 i - a scroll of teleportation {unknown}
 j - 2 scrolls of identify {unknown}
 m - a scroll of enchant weapon {unknown}
Potions
 b - a potion of heal wounds {unknown}
 n - a potion of curing


   Skills:
 * Level 1.1 Fighting
 * Level 0.6 Long Blades
 * Level 2.8 Throwing
 - Level 1.7 Dodging
 - Level 1.3 Spellcasting
 - Level 3.1 Hexes


You had 3 spell levels left.
You knew the following spells:

 Your Spells              Type           Power      Damage    Failure   Level
a - Slow                  Hex            36%        N/A       9%          1

Your spell library contained the following spells:

 Spells                   Type           Power      Damage    Failure   Level
 Inner Flame              Hex/Fire       5%         N/A       45%         3
 Portal Projectile        Hex/Tloc       10%        N/A       45%         3
 Cause Fear               Hex            4%         N/A       65%         4


Dungeon Overview and Level Annotations

Branches:
Dungeon (2/15)

Altars:
Jiyva

Shops:
D:2 =

Annotations:
D:2 Sigmund


Innate Abilities, Weirdness & Mutations

You are partially covered in slimy green scales. (AC +2)


Message History

You see here a +0 robe.
Jiyva gurgles merrily.
There is an entrance to Hegafu's Jewellery Emporium here.
Sigmund the Dreaded comes into view.
He is wielding a +2 scythe of protection.
You throw a stone.
The stone hits Sigmund but does no damage.
Sigmund shouts!
You throw a stone.
The stone hits Sigmund but does no damage.
You throw a stone. The stone hits Sigmund.
Sigmund is lightly wounded.
Sigmund points at you and mumbles some strange words.
You resist with significant effort.
Okay, then.
You throw a poisoned dart.
The poisoned dart closely misses Sigmund.
You throw a poisoned dart.
The poisoned dart barely misses Sigmund.
You throw a poisoned dart.
The poisoned dart closely misses Sigmund.
You throw a poisoned dart.
The poisoned dart barely misses Sigmund.
Sigmund casts a spell.
Sigmund flickers and vanishes!
Deactivating autopickup; reactivate with Ctrl-A.
No target in view!
No target in view!
No target in view!
Throw: 14 darts (poison)
Press: ? - help, Q - select action, (/) - cycle Shift-Dir - straight line You throw a poisoned dart.
Throw: 13 darts (poison)
Press: ? - help, Q - select action, (/) - cycle Shift-Dir - straight line You throw a poisoned dart.
Something hits you.
You closely miss something. Something hits you!
You closely miss something. Something hits you!
* * * LOW HITPOINT WARNING * * *
You closely miss something. Something hits you!
You die...

##############
.(.(...@.....#
############.# #.# #.#
.#############.## ####
........##......# .....
.######.#.###...##########
##### #..## ##...........#
#####.# #..# #......####.#


There were no monsters in sight!

Vanquished Creatures
  An adder (D:2)
  3 dart slugs
  A ball python (D:2)
  2 giant cockroaches (D:1)
  4 goblins
  2 hobgoblins (D:1)
  3 kobolds
  A quokka (D:2)
  A frilled lizard (D:1)
  2 rats (D:1)
20 creatures vanquished.

Vanquished Creatures (others)
  3 fungi (D:2)
  2 plants (D:2)
5 creatures vanquished.

Grand Total: 25 creatures vanquished

Notes
Turn   | Place    | Note
-------+----------+-------------------------------------------
     0 | D:1      | innerfire433 the Demonspawn Arcane Marksman began the quest
                  | for the Orb.
     0 | D:1      | Reached XP level 1. HP: 15/15 MP: 2/2
   582 | D:1      | Gained mutation: You are partially covered in slimy green
                  | scales. (AC +2) [demonic ancestry]
   582 | D:1      | Reached XP level 2. HP: 11/21 MP: 4/4
  1467 | D:2      | Reached XP level 3. HP: 26/26 MP: 5/5
  1550 | D:2      | Found a faded altar of an unknown god.
  1556 | D:2      | Prayed at the altar of an unknown god.
  1556 | D:2      | Became a worshipper of Jiyva Joroam the Shapeless
  1556 | D:2      | Reached * piety under Jiyva
  1618 | D:2      | Found Hegafu's Jewellery Emporium.
  1732 | D:2      | Noticed Sigmund
  1745 | D:2      | Slain by Sigmund

Illustrated notes

Levels and vault maps discovered:
D:1:      doesnt_arrival_eight_statues, layout_basic
D:2:      layout_loops_ring, shapermc_ecumenical_altar_petra, serial_shops,
          nicolae_lakefront_shop, minmay_hedge_maze, uniq_crazy_yiuf_cottage,
          uniq_sigmund

Skill      XL: |  1 |
---------------+----+-----
Throwing       | 2 |  2.8
Fighting       | |  1.1
Long Blades    | |  0.6
Dodging        | |  1.7
Spellcasting   | |  1.3
Hexes          | |  3.1

Action                   || total
-------------------------++-------
Melee: Unarmed           ||     9
       Long sword        ||    45
Throw: Stone             ||    77
       Javelin           ||    12
       Dart              ||    12
  Use: Potion            ||     1
Armor: Robe              ||    10
       Leather armour    ||    18
Dodge: Dodged            ||    58

Table legend: (Time is in decaauts)
 A = Elapsed time spent in this place.
 B = Non-inter-level travel time spent in this place.
 C = Inter-level travel time spent in this place.
 D = Time resting spent in this place.
 E = Time spent auto-exploring this place.
 F = Levels seen in this place.
 G = Mean time per level.
                   A        B        C        D        E       F      G
               +--------+--------+--------+--------+--------+-----+--------+
         Total |   1763 |   1763 |      0 |      0 |   1361 |   2 |  881.5 |
       Dungeon |   1763 |   1763 |      0 |      0 |   1361 |   2 |  881.5 |
               +--------+--------+--------+--------+--------+-----+--------+

Top non-repeatable levels by time:
     D:1: 1173 daAuts
     D:2: 590 daAuts
